 Dungeon Crawl Stone Soup version 0.30-a0-476-g330ca2eb8e (webtiles) character file.

Game seed: 9267985839390623949

33105 xzight the Grappler (level 13, 0/116 HPs)
             Began as a Ghoul Monk on Dec 21, 2022.
             Was a High Priest of Okawaru.
             Slain by a catoblepas (6 damage)
             ... while petrified by a catoblepas
             ... on level 4 of the Lair of Beasts.
             The game lasted 00:49:14 (17815 turns).

xzight the Grappler (Ghoul Monk)                   Turns: 17815, Time: 00:49:15

Health: 0/116      AC: 20    Str: 20    XL:     13   Next: 68%
Magic:  19/19      EV:  2    Int:  5    God:    Okawaru [*****.]
Gold:   490        SH:  0    Dex: 11    Spells: 12/12 levels left

rFire   + + .      SeeInvis .      - Unarmed
rCold   + + .      Faith    .    F - +0 kite shield
rNeg    + + +      Spirit   .    H - +0 chain mail {rF+}
rPois   ∞          Reflect  +    h - +0 helmet
rElec   .          Harm     .    N - scarf {rC+ rF+}
rCorr   .          Rampage  +    O - +0 pair of gloves
Will    +....                    l - +1 pair of boots {rampage}
Stlth   ..........               a - amulet of reflection
HPRegen 0.00/turn                B - +4 ring of protection
MPRegen 0.16/turn                M - ring of willpower

@: mighty, petrified, inhibited regen
A: claws 1, cold resistance 1, negative energy resistance 3, inhibited
regeneration, torment resistance 2, devour on kill
a: Renounce Religion, Heroism, Finesse, Duel


You were on level 4 of the Lair of Beasts.
You worshipped Okawaru.
Okawaru was extremely pleased with you.
You visited 3 branches of the dungeon, and saw 16 of its levels.

You collected 964 gold pieces.
You spent 474 gold pieces at shops.

Inventory:

Missiles
 u - 3 throwing nets
 z - 2 boomerangs (quivered)
Armour
 h - a +0 helmet (worn)
 l - a +1 pair of boots of rampaging (worn)
 F - a +0 kite shield (worn)
 H - a +0 chain mail of fire resistance (worn)
 N - a scarf of resistance (worn)
 O - a +0 pair of gloves (worn)
Jewellery
 a - an amulet of reflection (around neck)
 c - a ring of see invisible
 d - a +4 ring of protection
 q - a ring of protection from cold
 B - a +4 ring of protection (left hand)
 M - a ring of willpower (right hand)
Wands
 e - a wand of mindburst (1)
 m - a wand of polymorph (9)
 J - a wand of roots (6)
 K - a wand of flame (16)
Scrolls
 g - 2 scrolls of immolation
 j - 2 scrolls of magic mapping
 n - 2 scrolls of silence
 p - 10 scrolls of teleportation
 t - a scroll of enchant armour {unknown}
 w - a scroll of torment {unknown}
 x - 3 scrolls of fog
 A - 3 scrolls of blinking
 G - 6 scrolls of poison
 I - a scroll of noise {unknown}
Potions
 f - a potion of cancellation
 k - 6 potions of curing
 o - 2 potions of attraction
 r - a potion of might
 v - a potion of magic
 C - a potion of resistance {unknown}
 D - 2 potions of flight
 E - 2 potions of ambrosia
 L - 3 potions of haste
 Q - a potion of brilliance {unknown}


   Skills:
 + Level 11.1 Fighting
 - Level 4.0 Throwing
 + Level 8.9 Armour
 - Level 7.0 Dodging
 - Level 2.1 Stealth
 + Level 7.0 Shields
 + Level 13.6 Unarmed Combat
 + Level 9.7 Invocations


You had 12 spell levels left.
You didn't know any spells.
Your spell library contained the following spells:

 Spells                   Type           Power      Damage    Failure   Level
 Apportation              Tloc           0%         N/A       100%        1
 Foxfire                  Conj/Fire      0%         2x1d4     100%        1
 Necrotise                Necr           0%         1d4       100%        1
 Blink                    Tloc           0%         N/A       100%        2
 Scorch                   Fire           0%         2d5       100%        2
 Gell's Gravitas          Tloc           0%         N/A       100%        3
 Ignite Poison            Fire/Tmut/Pois 0%         N/A       100%        3
 Kindle Blastsparks       Fire/Tloc/Air  0%         2d10      100%        3
 Lesser Beckoning         Tloc           0%         N/A       100%        3
 Teleport Other           Tloc           0%         N/A       100%        3
 Vhi's Electric Charge    Tloc/Air       0%         N/A       100%        3
 Flame Wave               Conj/Fire      0%         2d4       100%        4
 Manifold Assault         Tloc           0%         N/A       100%        4
 Alistair's Intoxication  Tmut/Pois      0%         N/A       100%        5
 Arcjolt                  Conj/Air       0%         1d10      100%        5
 Fireball                 Conj/Fire      0%         3d3       100%        5
 Freezing Cloud           Conj/Ice/Air   0%         6-21      100%        5
 Starburst                Conj/Fire      0%         6d3       100%        6
 Maxwell's Capacitive Co  Air            0%         ∞         100%        8
 Summon Small Mammal      Summ           Unusable   N/A       N/A         1
 Summon Cactus Giant      Summ           Unusable   N/A       N/A         6
 Storm Form               Tmut/Air       Unusable   N/A       N/A         7

Dungeon Overview and Level Annotations

Branches:
Dungeon (11/15)            Temple (1/1) D:4            Lair (4/5) D:11
 Shoals (0/4) Lair:2       Spider (0/4) Lair:3          Orc (0/2) D:9
  Slime: Lair:4-5

Altars:
Ashenzari
Cheibriados
Dithmenos
Fedhas
Gozag
Hepliaklqana
Kikubaaqudgha
Makhleb
Nemelex Xobeh
Okawaru
Qazlal
Ru
Sif Muna
Trog
Uskayaw
Vehumet
Wu Jian
Xom
Yredelemnul
Lugonu

Shops:
D:4 ?   D:9 [

Annotations:
D:4 2 transporters
D:8 exclusions: 3 doors and 1 more exclusion


Innate Abilities, Weirdness & Mutations

You are immune to poison.
You have sharp fingernails.
Your flesh is cold resistant. (rC+)
You are immune to negative energy. (rN+++)
You do not regenerate when monsters are visible.
You are immune to unholy pain and torment.
You thrive by killing the living.


Message History

The catoblepas gores you but does no damage.
The catoblepas gores you! x2
The catoblepas gores you but does no damage.
The catoblepas barely misses you.
The catoblepas breathes a plume of calcifying dust at you.
The blast of calcifying dust hits you.
You are engulfed in calcifying dust.
The catoblepas gores you but does no damage.
You are engulfed in calcifying dust.
The catoblepas gores you!
* * * LOW HITPOINT WARNING * * *
You turn to flesh and can move again.
Unknown command.
You feel very mighty all of a sudden.
The catoblepas breathes a plume of calcifying dust at you.
The blast of calcifying dust hits you.
* * * LOW HITPOINT WARNING * * *
You hit the catoblepas.
The catoblepas is heavily wounded.
You are engulfed in calcifying dust.
The catoblepas breathes a plume of calcifying dust at you.
The blast of calcifying dust hits you but does no damage.
You punch the catoblepas!
The catoblepas is heavily wounded.
You are engulfed in calcifying dust.
You are slowing down.
The catoblepas breathes a plume of calcifying dust at you.
The blast of calcifying dust hits you but does no damage.
You pummel the catoblepas!!
The catoblepas is almost dead.
You are engulfed in calcifying dust.
Your limbs have turned to stone.
The catoblepas breathes a plume of calcifying dust at you.
The blast of calcifying dust hits you!
* * * LOW HITPOINT WARNING * * *
You have turned to stone.
The catoblepas gores you!
* * * LOW HITPOINT WARNING * * *
The catoblepas gores you!
* * * LOW HITPOINT WARNING * * *
The catoblepas gores you!
You die...

#>....#
#....<#
##...##
##∩###
♣.♣.#
♣♣..#
♣♣.†.#
#♣..♣.#
#@Y♣♣.#
#.♣♣ .#
♣♣♣ .#
.# .#


You could see a catoblepas.

Vanquished Creatures
  Erica (D:8)
  2 boulder beetles
  4 two-headed ogres
  Nergalle (D:11)
  A cyclops (D:11)
  An ugly thing (D:8)
  2 black mambas
  9 elephants (Lair:2)
  2 torpor snails (Lair:1)
  A gargoyle (D:11)
  9 cane toads
  An unseen horror (D:11)
  5 komodo dragons
  A rime drake (Lair:2)
  3 kobold demonologists
  3 trolls
  4 polar bears
  A hornet (Lair:1)
  10 dream sheep
  A shadow (D:9)
  Sigmund (D:3)
  2 wraiths (D:9)
  45 yaks
  3 wyverns
  2 basilisks
  Edmund (D:5)
  An acid dragon (D:9)
  8 water moccasins
  Pargi (D:4)
  3 black bears
  An ice beast (D:8)
  5 orc warriors
  13 wolves
  2 ogres (D:6)
  2 centaurs
  2 phantoms
  9 kobold brigands
  6 bullfrogs
  4 necrophages
  2 gnoll sergeants
  A scorpion (Lair:1)
  5 howler monkeys
  3 electric eels
  10 hounds
  A jelly (D:4)
  5 orc priests
  3 gnoll boudas
  Ijyb (D:3)
  Natasha (twice) (D:2)
  6 orc wizards
  7 hell rats
  3 adders
  29 gnolls
  A shadow imp (D:6)
  An ufetubus (D:7)
  3 worms
  A dart slug (D:2)
  32 orcs
  5 bat zombies (D:3)
  8 endoplasms
  5 giant cockroaches
  9 goblins
  7 hobgoblins
  5 jackals
  41 kobolds
  6 quokkas
  8 ball pythons
  8 bats
  7 frilled lizards
  4 rats
  2 rat zombies (D:3)
404 creatures vanquished.

Vanquished Creatures (others)
  A kobold brigand (D:11)
  2 kobolds (D:9)
  8 fungi
  28 plants
39 creatures vanquished.

Grand Total: 443 creatures vanquished

Notes
Turn   | Place    | Note
-------+----------+-------------------------------------------
     0 | D:1      | xzight the Ghoul Monk began the quest for the Orb.
     0 | D:1      | Reached XP level 1. HP: 19/19 MP: 0/0
   251 | D:1      | Reached XP level 2. HP: 17/26 MP: 1/1
   581 | D:1      | Reached XP level 3. HP: 27/31 MP: 2/2
   704 | D:1      | Reached skill level 1 in Armour
  1006 | D:2      | Noticed Natasha
  1022 | D:2      | Killed Natasha
  1023 | D:2      | Reached skill level 4 in Unarmed Combat
  1023 | D:2      | Reached XP level 4. HP: 13/40 MP: 3/3
  1668 | D:2      | Reached XP level 5. HP: 46/46 MP: 4/4
  2087 | D:2      | Noticed Natasha
  2093 | D:2      | Killed Natasha
  2364 | D:3      | Found a faded altar of an unknown god.
  2422 | D:3      | Noticed Sigmund
  2447 | D:3      | Killed Sigmund
  2448 | D:3      | Reached skill level 5 in Unarmed Combat
  2448 | D:3      | Reached XP level 6. HP: 44/53 MP: 5/5
  2758 | D:3      | Found an ancient bone altar of Kikubaaqudgha.
  2774 | D:3      | Noticed Ijyb
  2786 | D:3      | Killed Ijyb
  2787 | D:3      | Reached XP level 7. HP: 60/60 MP: 6/6
  3395 | D:4      | Found Yggowoko's Magic Scroll Emporium.
  3412 | D:4      | Bought a scroll of identify for 22 gold pieces
  3412 | D:4      | Bought a scroll of identify for 22 gold pieces
  3412 | D:4      | Bought a scroll of identify for 22 gold pieces
  3412 | D:4      | Bought a scroll of teleportation for 33 gold pieces
  3412 | D:4      | Bought a scroll of identify for 22 gold pieces
  3412 | D:4      | Bought a scroll of teleportation for 33 gold pieces
  3432 | D:4      | Reached skill level 6 in Unarmed Combat
  3512 | D:4      | Noticed Pargi
  3518 | D:4      | Killed Pargi
  3519 | D:4      | Reached skill level 5 in Fighting
  3875 | D:4      | Found a sparkling altar of Nemelex Xobeh.
  3880 | D:4      | Found a transporter.
  3914 | D:4      | Found a transporter.
  3965 | D:4      | Found a staircase to the Ecumenical Temple.
  4043 | Temple   | Entered the Ecumenical Temple
  4057 | Temple   | Became a worshipper of Warmaster Okawaru
  4057 | Temple   | Reached * piety under Okawaru
  4057 | Temple   | Reached ** piety under Okawaru
  4247 | D:5      | Entered Level 5 of the Dungeon
  4305 | D:5      | Found a hazy altar of Hepliaklqana.
  4317 | D:5      | Reached XP level 8. HP: 68/68 MP: 7/7
  4326 | D:5      | Noticed Edmund
  4339 | D:5      | Killed Edmund
  4340 | D:5      | Reached skill level 7 in Unarmed Combat
  4340 | D:5      | Reached skill level 1 in Invocations
  4418 | D:5      | Found a broken altar of Ashenzari.
  5189 | D:6      | Reached skill level 5 in Dodging
  5321 | D:6      | Reached skill level 8 in Unarmed Combat
  5342 | D:6      | Reached *** piety under Okawaru
  5343 | D:6      | Reached XP level 9. HP: 64/75 MP: 10/10
  5842 | D:7      | Found a radiant altar of Vehumet.
  5871 | D:7      | Found a snail-covered altar of Cheibriados.
  6069 | D:7      | Found a stormy altar of Qazlal.
  6216 | D:7      | Found an opulent altar of Gozag.
  6333 | D:8      | Noticed Erica
  6350 | D:8      | Killed Erica
  6351 | D:8      | Reached skill level 9 in Unarmed Combat
  7201 | D:8      | Reached skill level 5 in Armour
  7205 | D:8      | Reached **** piety under Okawaru
  7487 | D:8      | Noticed a cyan ugly thing
  7515 | D:8      | Found a hide-covered altar of Uskayaw.
  7545 | D:8      | Killed a cyan ugly thing
  7546 | D:8      | Reached XP level 10. HP: 45/86 MP: 10/12
  7705 | D:8      | Reached skill level 1 in Throwing
  7705 | D:8      | Reached skill level 1 in Shields
  7743 | D:8      | Found a shadowy altar of Dithmenos.
  7805 | D:8      | Noticed a two-headed ogre
  7818 | D:8      | Killed a two-headed ogre
  7819 | D:8      | Reached skill level 10 in Unarmed Combat
  7819 | D:8      | Reached skill level 5 in Invocations
  8701 | D:9      | Found a staircase to the Orcish Mines.
  8837 | D:9      | Found Geokkim's Armour Emporium.
  8929 | D:9      | Noticed a two-headed ogre
  8940 | D:9      | Killed a two-headed ogre
  8940 | D:9      | Reached ***** piety under Okawaru
  8941 | D:9      | Reached XP level 11. HP: 84/94 MP: 6/14
  8975 | D:9      | Received a gift from Okawaru
  8976 | D:9      | Reached skill level 11 in Unarmed Combat
  9371 | D:10     | Entered Level 10 of the Dungeon
  9639 | D:10     | Noticed a two-headed ogre
  9653 | D:10     | Killed a two-headed ogre
 10147 | D:10     | Identified the +4 demon trident of Ancient Evil {drain,
                  | Str+3} (Okawaru gifted it to you on level 10 of the
                  | Dungeon)
 10147 | D:10     | Received a gift from Okawaru
 10253 | D:10     | Found a burning altar of Makhleb.
 10425 | D:11     | Found a staircase to the Lair.
 10444 | D:11     | Noticed Nergalle
 10447 | D:11     | Noticed a two-headed ogre
 10626 | D:11     | Noticed a cyclops
 10632 | D:11     | Killed a cyclops
 10811 | D:11     | Killed a two-headed ogre
 10873 | D:11     | Killed Nergalle
 11039 | D:11     | Reached skill level 12 in Unarmed Combat
 11066 | D:11     | Noticed a boulder beetle
 11101 | D:11     | Killed a boulder beetle
 11102 | D:11     | Reached XP level 12. HP: 57/104 MP: 16/16
 11331 | D:9      | Bought a scarf of resistance for 320 gold pieces
 11712 | Lair:1   | Entered Level 1 of the Lair of Beasts
 11722 | Lair:1   | Found an ornate altar of the Wu Jian Council.
 11814 | Lair:1   | Received a gift from Okawaru
 12406 | Lair:1   | Received a gift from Okawaru
 12470 | Lair:1   | Reached skill level 5 in Shields
 12875 | Lair:1   | Noticed a boulder beetle
 12891 | Lair:1   | Identified the +0 pair of boots of Disguise {Int+3}
                  | (Okawaru gifted it to you on level 1 of the Lair of Beasts)
 12891 | Lair:1   | Received a gift from Okawaru
 14075 | Lair:1   | Reached skill level 10 in Fighting
 14459 | Lair:2   | Reached XP level 13. HP: 46/113 MP: 18/18
 14476 | Lair:2   | Reached skill level 13 in Unarmed Combat
 14872 | Lair:2   | Found a staircase to the Shoals.
 16141 | Lair:3   | Identified the +1 robe of Grot {Will++ MP-9 Dex+5} (Okawaru
                  | gifted it to you on level 3 of the Lair of Beasts)
 16141 | Lair:3   | Received a gift from Okawaru
 17289 | Lair:3   | Found a hole to the Spider Nest.
 17815 | Lair:4   | Slain by a catoblepas

Illustrated notes

Levels and vault maps discovered:
D:1:      dpeg_arrival_snail, layout_basic
D:2:      layout_loops_cross, minmay_box_of_dots, uniq_natasha
D:3:      layout_loops_cross, lemuel_zombie_altar_kikubaaqudgha,
          hellmonk_ecumenical_altar_lost_god, grunt_decor_mini_mirrors,
          grunt_decor_arrowhead, serial_bayou_pond_a, serial_bayou_lagoon_a,
          uniq_sigmund, uniq_ijyb
D:4:      layout_loops_ring, gammafunk_temple_overflow_arena,
          minmay_temple_entry_arrows, serial_shops, shop, uniq_pargi
D:5:      layout_basic, lemuel_round_altar, mainiacjoe_overflow_paths,
          uniq_edmund
D:6:      layout_basic, grunt_ministairs_13
D:7:      layout_basic, mainiacjoe_overflow_surrounded_room,
          fiery_altar_vehumet, kennysheep_mini, cheibriados_altar_1
D:8:      kennysheep_big_flooded_room, layout_loops_corners, tso_oasis_becter,
          lemuel_doored_altar, marbit_many_paths, lemuel_round_altar,
          enter_bailey_7, minivault_4, ebering_dispersal_statue_hall,
          minmay_misc_feat_iff, uniq_erica
D:9:      layout_basic, orc_david_3
D:10:     layout_basic, lemuel_round_altar
D:11:     layout_gridville, erik_lair_island, uniq_nergalle
Temple:   corrupted_temple
Lair:1:   layout_long_grid, basic_altar, pdpol_lair_cavern_descent
Lair:2:   layout_cave_pods, shoals_dummy_entry, grunt_megastairs_5
Lair:3:   layout_hall_layers, dummy_spider_entry,
          eino_small_chamber_without_monster, infiniplex_staircase_pool_2
Lair:4:   nzn_winding_woodlands_stair_trap [nzn_winding_woodlands_5x15_jagged,
          nzn_winding_woodlands_5x15_pockets,
          nzn_winding_woodlands_5x15_crooked,
          nzn_winding_woodlands_15x15_thick_spiral,
          nzn_winding_woodlands_5x15_parted,
          nzn_winding_woodlands_5x15_river_crossing,
          nzn_winding_woodlands_5x15_sawtooth], layout_layer_cave,
          dpeg_slime_entry_enclosed, basic_altar, uniq_sonja

Skill      XL: |  1  2  3  4  5  6  7  8  9 10 11 12 13 |
---------------+----------------------------------------+-----
Armour         | 1 2 3 4 5 6 8 |  8.9
Dodging        | 3 4 5 6 7 |  7.0
Unarmed Combat | 4 5 6 8 9 10 12 13 | 13.6
Fighting       | 4 5 6 7 8 9 10 11 | 11.1
Invocations    | 3 4 5 7 8 9 |  9.7
Throwing       | 2 4 |  4.0
Shields        | 2 4 5 7 |  7.0
Stealth        | |  2.1

Action                   |  1- 3 |  4- 6 |  7- 9 | 10-12 | 13-15 || total
-------------------------+-------+-------+-------+-------+-------++-------
Melee: Unarmed           |    95 |   177 |   371 |   857 |   406 ||  1906
       Punch             |     2 |     5 |    13 |       |       ||    20
Throw: Boomerang         |       |       |     3 |    10 |       ||    13
Invok: Heroism           |       |       |     3 |     9 |     1 ||    13
       Finesse           |       |       |       |     6 |       ||     6
Evoke: Wand              |       |       |       |     5 |       ||     5
  Use: Potion            |     1 |       |     3 |     4 |     1 ||     9
       Scroll            |     1 |     4 |    10 |     3 |     6 ||    24
 Stab: Sleeping          |     4 |     4 |       |       |       ||     8
       Distracted        |       |       |       |       |     1 ||     1
Armor: Robe              |    21 |    31 |       |       |       ||    52
       Chain mail        |       |    32 |   150 |   440 |   274 ||   896
Dodge: Dodged            |    57 |    79 |   122 |   243 |   151 ||   652
Block: Other             |       |    21 |    60 |       |       ||    81
       Kite shield       |       |       |     7 |   703 |   395 ||  1105
       Reflection        |       |       |     2 |    21 |       ||    23

Table legend: (Time is in decaauts)
 A = Elapsed time spent in this place.
 B = Non-inter-level travel time spent in this place.
 C = Inter-level travel time spent in this place.
 D = Time resting spent in this place.
 E = Time spent auto-exploring this place.
 F = Levels seen in this place.
 G = Mean time per level.
                   A        B        C        D        E       F      G
               +--------+--------+--------+--------+--------+-----+--------+
         Total |  17660 |  16797 |    863 |   4697 |   8523 |  16 | 1103.8 |
       Dungeon |  11982 |  11197 |    785 |   2565 |   6278 |  11 | 1089.3 |
        Temple |     31 |     31 |      0 |      0 |      5 |   1 |   31.0 |
          Lair |   5646 |   5568 |     78 |   2132 |   2240 |   4 | 1411.5 |
               +--------+--------+--------+--------+--------+-----+--------+

Top non-repeatable levels by time:
  Lair:2: 2295 daAuts
  Lair:1: 2258 daAuts
    D:11: 1747 daAuts
     D:8: 1745 daAuts
     D:1: 1242 daAuts
     D:9: 1144 daAuts
     D:2: 1082 daAuts
  Lair:3: 1009 daAuts
     D:3: 994 daAuts
    D:10: 954 daAuts
     D:4: 879 daAuts
     D:6: 805 daAuts
     D:7: 719 daAuts
     D:5: 667 daAuts
  Lair:4: 83 daAuts
